 Dungeon Crawl Stone Soup version 0.31-a0-240-gb923e448b6 (webtiles) character file.

Game seed: 13743979409727220828

60 qw the Shooter (level 3, -1/29 HPs)
             Began as a Minotaur Hexslinger on July 11, 2023.
             Slain by a +0 spectral club (8 damage)
             ... created by Ijyb
             ... on level 3 of the Dungeon.
             The game lasted 00:00:39 (1808 turns).

qw the Shooter (Minotaur Hexslinger)                Turns: 1808, Time: 00:00:39

Health: -1/29      AC:  5    Str: 12    XL:     3   Next: 82%
Magic:  3/3        EV: 11    Int: 10    God:
Gold:   137        SH:  0    Dex: 14    Spells: 3/4 levels left

rFire   . . .        Y - +1 sling
rCold   . . .        (no shield)
rNeg    . . .        h - +0 ring mail
rPois   .            (helmet restricted)
rElec   .            (no cloak)
rCorr   .            (no gloves)
SInv    .            (no boots)
Will    .....        (no amulet)
Stlth   +            (no ring)
HPRegen 0.24/turn    (no ring)
MPRegen 0.08/turn

%: no passive effects
@: no status effects
A: horns 2, retaliatory headbutt
a: no special abilities


You were on level 3 of the Dungeon.
You visited 1 branch of the dungeon, and saw 3 of its levels.

You collected 176 gold pieces.
You spent 39 gold pieces at shops.


Innate Abilities, Weirdness & Mutations

You have a pair of horns on your head.
You reflexively headbutt those who attack you in melee.


   Skills:
 - Level 2.0 Fighting
 + Level 4.2 Ranged Weapons
 - Level 1.0 Armour
 - Level 2.1 Dodging
 - Level 1.0 Spellcasting
 - Level 2.0 Hexes


You had 3 spell levels left.
You knew the following spells:

 Your Spells              Type           Power      Damage    Failure   Level
a - Slow                  Hex            16%        N/A       34%         1

Your spell library contained the following spells:

 Spells                   Type           Power      Damage    Failure   Level
 Inner Flame              Hex/Fire       2%         N/A       83%         3
 Portal Projectile        Hex/Tloc       4%         N/A       83%         3
 Cause Fear               Hex            2%         N/A       98%         4

Inventory:

Hand Weapons
 Y - a +1 sling (weapon)
Armour
 h - a +0 ring mail (worn)
Scrolls
 e - a scroll of identify
 i - 5 scrolls of teleportation
Potions
 a - a potion of degeneration {unknown}
 b - a potion of ambrosia {unknown}
 c - a potion of heal wounds {unknown}
 d - 2 potions of curing
 j - a potion of enlightenment

Dungeon Overview and Level Annotations

Branches:
Dungeon (3/15)

Altars:
Zin

Shops:
D:2 :?!   D:3 *

Annotations:
D:3 Ijyb


Message History

The goblin hits you but does no damage.
You shoot a sling bullet.
The sling bullet barely misses the goblin.
The goblin hits you but does no damage. The goblin misses you.
You furiously retaliate!
You headbutt the goblin!
You kill the goblin!
Ijyb the Twisted Goblin comes into view.
She is wielding a +0 spectral club, wearing a +3 leather armour of poison resistance and carrying a wand of quicksilver (9).
Ijyb shouts!
Enter note:
Enter note:
Enter note:
Enter note:
Enter note:
Enter note: You shoot a sling bullet.
The sling bullet closely misses Ijyb.
You shoot a sling bullet.
The sling bullet hits Ijyb but does no damage.
You shoot a sling bullet. The sling bullet closely misses Ijyb.
You shoot a sling bullet. The sling bullet barely misses Ijyb.
You shoot a sling bullet. The sling bullet closely misses Ijyb.
You hear the rusting of a drain nearby.
Ijyb hits you with a +0 spectral club. The +0 spectral club hits you.
A +0 spectral club comes into view.
You shoot a sling bullet. The sling bullet barely misses Ijyb.
Ijyb zaps a wand.
The bolt of dispelling energy misses you.
The +0 spectral club disappears.
Ijyb misses you. The +0 spectral club barely misses you.
You furiously retaliate!
You headbutt the +0 spectral club.
Ijyb shares her spectral weapon's damage!
A +0 spectral club comes into view.
You shoot a sling bullet. The sling bullet closely misses Ijyb.
The +0 spectral club hits you. x2
The +0 spectral club hits you but does no damage.
Ijyb zaps a wand.
The bolt of dispelling energy misses you.
You shoot a sling bullet. The sling bullet closely misses Ijyb.
The +0 spectral club hits you. The +0 spectral club barely misses you.
The +0 spectral club hits you. The +0 spectral club hits you!
You die...

#.#.##.<.......
#######.#.##..#.#####
#.....#.#.##..#......
#.....#.#............
###.....#.#..#.#.......
#.......#.#.>..........
#......)#.##.#.#.......
+.........##...#.......
#....?@...##...#####'##
#....g(...##.#..##.....
.......##..##.#..##.....
....... #..##.#..##.....
....... #..##.#..##.....
....... #..##.#....##.##
....... #..##.#.##....##
....... ...............
.##.#.......#.


You could see a +0 spectral club and Ijyb.

Vanquished Creatures
  An adder (D:2)
  2 worms
  4 endoplasms
  A giant cockroach (D:1)
  5 goblins
  4 hobgoblins
  4 jackals (D:1)
  A quokka (D:1)
  7 ball pythons
  2 bats
  5 kobolds
  7 rats
43 creatures vanquished.

Notes
Turn   | Place    | Note
-------+----------+-------------------------------------------
     0 | D:1      | qw the Minotaur Hexslinger began the quest for the Orb.
     0 | D:1      | Reached XP level 1. HP: 16/16 MP: 1/1
     0 | D:1      | 0 ||| qw: Version: 0.3-a-52-g30416fa
     0 | D:1      | 0 ||| qw: Game counter: 6083
     0 | D:1      | 0 ||| qw: Melee chars always use a shield: true
     0 | D:1      | 0 ||| qw: God list: Okawaru
     0 | D:1      | 0 ||| qw: Allow faded altars: false
     0 | D:1      | 0 ||| qw: Do Orc after clearing Dungeon:15 true
     0 | D:1      | 0 ||| qw: Do second Lair branch before Depths: true
     0 | D:1      | 0 ||| qw: Lair rune preference: random
     0 | D:1      | 0 ||| qw: Goals: Normal
     0 | D:1      | 0 ||| PLANNING D:1-11
    42 | D:1      | Found a faded altar of an unknown god.
   108 | D:1      | Reached skill level 3 in Ranged Weapons
   108 | D:1      | Reached XP level 2. HP: 23/23 MP: 2/2
   135 | D:1      | 135 ||| FLEEEEING.
   470 | D:1      | Reached XP level 3. HP: 29/29 MP: 3/3
   547 | D:1      | 547 ||| UPGRADING to +0 ring mail.
   557 | D:1      | 557 ||| DROPPING +0 robe.
   558 | D:1      | 558 ||| READING scroll labelled DERARULOUDGH.
   559 | D:1      | 559 ||| READING scroll labelled DOMIHU KAYCHOI.
   560 | D:1      | 560 ||| READING scroll labelled ZAGUEM ZALYISO.
   561 | D:1      | 561 ||| READING 4 scrolls labelled CAPAXTUERO.
   566 | D:1      | 566 ||| READING scroll labelled NOIPIOMIUV.
   567 | D:1      | 567 ||| DRINKING 2 puce potions.
   568 | D:1      | 568 ||| DRINKING 2 brown potions.
   569 | D:1      | 569 ||| DROPPING scroll of poison.
   643 | D:2      | Found Bon Uduu's Distillery.
   651 | D:2      | 651 ||| SHOPLISTING 2 potions of heal wounds (140 gold,
                  | have 24).
   651 | D:2      | 651 ||| SHOPLISTING potion of cancellation (112 gold, have
                  | 24).
   651 | D:2      | 651 ||| SHOPLISTING potion of curing (42 gold, have 24).
   651 | D:2      | 651 ||| SHOPLISTING potion of enlightenment (70 gold, have
                  | 24).
   651 | D:2      | 651 ||| SHOPLISTING potion of haste (140 gold, have 24).
   651 | D:2      | 651 ||| SHOPLISTING potion of heal wounds (70 gold, have
                  | 24).
   776 | D:2      | Reached skill level 4 in Ranged Weapons
   842 | D:2      | Found Zetetewn's Magic Scroll Shop.
   846 | D:2      | 846 ||| SHOPLISTING scroll of enchant armour (97 gold, have
                  | 43).
   846 | D:2      | 846 ||| SHOPLISTING scroll of enchant weapon (97 gold, have
                  | 43).
   846 | D:2      | 846 ||| BUYING scroll of teleportation (39 gold).
   846 | D:2      | Bought a scroll of teleportation for 39 gold pieces
   922 | D:2      | Found Qigaronk's Book Shop.
  1387 | D:2      | 1387 ||| DRINKING 2 bubbling red potions.
  1415 | D:2      | 1415 ||| DROPPING potion of lignification.
  1463 | D:3      | 1463 ||| PLANNING SEWER
  1501 | D:3      | Reached skill level 1 in Armour
  1551 | D:3      | Found Zin's Purification Station.
  1554 | D:3      | Found a glowing silver altar of Zin.
  1559 | D:3      | 1559 ||| SHOPLISTING 2 potions of curing (180 gold, have
                  | 109).
  1800 | D:3      | Noticed Ijyb
  1808 | D:3      | HP: 7/29 [+0 spectral club[Ijyb] (6)]
  1808 | D:3      | Slain by a +0 spectral club

Levels and vault maps discovered:
D:1:      amcnicky_arrival_single_pillar, layout_rooms,
          dreamdust_ecumenical_altar_grove, moated_statue, skrybe_limestone_x,
          minmay_vboxes
D:2:      layout_loops_ring, serial_shops, nicolae_lakefront_shop, shop,
          nicolae_shop_hallway_stairs, minmay_misc_feat_enclosed
D:3:      layout_basic, zin_purify, gup_sewer_entry_glass, uniq_ijyb

Skill      XL: |  1  2  3 |
---------------+----------+-----
Ranged Weapons | 3 4 |  4.2
Fighting       | 2 |  2.0
Armour         | 1 |  1.0
Dodging        | |  2.1
Spellcasting   | |  1.0
Hexes          | |  2.0

Action                     || total
---------------------------++-------
   Fire: Sling             ||   141
    Use: Scroll            ||     5
         Potion            ||     3
 Armour: Robe              ||     4
         Ring mail         ||    11
  Dodge: Dodged            ||    51

Table legend:
 A = Non-vault XP
 B = Vault XP
 C = Vault XP percentage of total XP
 D = Non-vault monster count
 E = Vault monster count
 F = Vault count percentage of total count
                 A         B        C        D         E       F
            +---------+---------+-------+---------+---------+-------
      Total |      77 |      10 |  11.5 |      37 |       6 |  14.0
            +---------+---------+-------+---------+---------+-------
        D:1 |      32 |      10 |  23.8 |      20 |       6 |  23.1
        D:2 |      28 |       0 |   0.0 |       8 |       0 |   0.0
        D:3 |      17 |       0 |   0.0 |       9 |       0 |   0.0
            +---------+---------+-------+---------+---------+-------
